 Dungeon Crawl Stone Soup version 0.28.0-45-g0d030f2227 (webtiles) character file.

Game seed: 14238273954136292000

3163 zeratav the Martial Artist (level 9, -7/61 HPs)
             Began as an Octopode Transmuter on Apr 10, 2022.
             Was an Initiate of Ashenzari.
             Shot with an arrow by a centaur (9 damage)
             ... on level 8 of the Dungeon.
             The game lasted 00:24:23 (9923 turns).

zeratav the Martial Artist (Octopode Transmuter)    Turns: 9923, Time: 00:24:24

Health: -7/61      AC:  1    Str: 22    XL:     9   Next: 94%
Magic:  12/12      EV: 16    Int: 15    God:    Ashenzari [......]
Gold:   323        SH:  0    Dex: 16    Spells: 8/12 levels left

rFire   . . .      SeeInvis .   o - +6 spear {polearm}
rCold   . . .      Faith    .   (no shield)
rNeg    . . .      Spirit   .   (helmet restricted)
rPois   .          Reflect  .   p - amulet of regeneration {@e2}
rElec   .          Harm     .   i - +6 ring of strength
rCorr   .          Rampage  .   n - +6 ring of strength
Will    .....                   t - ring of flight
Stlth   ++++......              (no ring)
HPRegen 1.00/turn               (no ring)
MPRegen 0.13/turn               (no ring)
                                (no ring)
                                (no ring)

@: flying
A: almost no armour, amphibious, 8 rings, camouflage 1, gelatinous body 1,
(nimble swimmer 1), tentacles
a: Renounce Religion, Curse Item


You were on level 8 of the Dungeon.
You worshipped Ashenzari.
Ashenzari was noncommittal.
You visited 2 branches of the dungeon, and saw 9 of its levels.

You collected 323 gold pieces.


Innate Abilities, Weirdness & Mutations

You cannot wear most types of armour.
You are amphibious.
You can wear up to eight rings at the same time.
Your skin changes colour to match your surroundings (Stealth+).
Your rubbery body absorbs attacks. (AC +1, EV +1)
((You are camouflaged when in or above water. (Stealth+)))
You have tentacles for arms and can constrict up to eight enemies at once.


   Skills:
 + Level 5.5 Fighting
 + Level 5.9 Dodging
 - Level 5.0 Stealth
 * Level 8.7 Unarmed Combat
 - Level 2.0 Spellcasting
 + Level 4.9 Transmutations
 + Level 4.4 Ice Magic


You had 8 spell levels left.
You knew the following spells:

 Your Spells              Type           Power      Damage    Failure   Level
a - Beastly Appendage     Tmut           32%        N/A       3%          1
b - Spider Form           Tmut/Pois      8%         N/A       24%         3

Your spell library contained the following spells:

 Spells                   Type           Power      Damage    Failure   Level
 Wereblood                Tmut           16%        N/A       4%          2
 Animate Skeleton         Necr           2%         N/A       22%         1
 Apportation              Tloc           2%         N/A       22%         1
 Summon Small Mammal      Summ           4%         N/A       22%         1
 Static Discharge         Conj/Air       1%         N/A       32%         2
 Ice Form                 Ice/Tmut       15%        N/A       32%         4
 Tukima's Dance           Hex            1%         N/A       54%         3
 Anguish                  Hex/Necr       0%         N/A       91%         4
 Dispel Undead            Necr           1%         3d6       91%         4
 Sticky Flame             Conj/Fire      1%         2d3       91%         4
 Enfeeble                 Hex            0%         N/A       100%        7

Inventory:

Hand Weapons
 o - a +6 spear (weapon) {polearm}
   (You found it on level 4 of the Dungeon)
Jewellery
 i - a +6 ring of strength (left tentacle)
   (You found it on level 2 of the Dungeon)
 n - a +6 ring of strength (right tentacle)
   (You found it on level 4 of the Dungeon)
 p - an amulet of regeneration (around mantle) {@e2}
   (You found it on level 5 of the Dungeon)
 t - a ring of flight (on tentacle)
   (You found it on level 7 of the Dungeon)
Wands
 r - a wand of polymorph (8)
   (You found it on level 7 of the Dungeon)
 s - a wand of iceblast (12)
   (You found it on level 7 of the Dungeon)
 u - a wand of flame (6)
   (You found it on level 7 of the Dungeon)
Scrolls
 a - a scroll of silence {!r}
 b - 2 scrolls of fog
 d - a scroll of teleportation {@r4}
 h - 4 scrolls of identify {@r1}
Potions
 c - a potion of haste {@q3}
 e - 2 potions of flight
 f - 4 potions of might
 g - a potion of invisibility
 j - 4 potions of curing {@q1}
 k - 2 potions of ambrosia
 m - a potion of attraction {!q}
 q - a potion of berserk rage {!q}

Dungeon Overview and Level Annotations

Branches:
Dungeon (8/15)             Temple (1/1) D:5
   Lair: D:8-11

Altars:
Ashenzari
Cheibriados
Dithmenos
Elyvilon
Fedhas
Gozag
Hepliaklqana
Kikubaaqudgha
Makhleb
Nemelex Xobeh
Okawaru
Qazlal
Ru
Sif Muna
Trog
Uskayaw
Vehumet
Wu Jian
Xom
Yredelemnul
Zin
The Shining One

Shops:
D:3 (   D:6 =*   D:7 [

Annotations:
D:4 1 runed translucent door, Crazy Yiuf

..)..##...'.....#
####....#.#.....#
######.#.....#########
#.##.##..........
#.##.............
#.#####..........
#####.## #§§§c......
#......## #§§o§.)>...
#.......###§@#########+##
#.......'.§§§§# .......
#.......#####c## ...o...
#.......#####Z[# .......
#.......#....).# .......
#......##......###.......
#......##................
#########...........?....
#................


You could see an orc warrior and 2 centaurs.


Message History

Your hp is fully restored (61).
Your mp is fully restored (12).
You start waiting.
Done waiting.
Things that are here:
a +0 short sword {short}; a +0 plate armour
Things that are here:
a +0 dagger {short}; a +0 robe
Things that are here:
a +0 short sword {short}; a +2 leather armour of fire resistance; an orc corpse
Things that are here:
a +0 short sword {short}; an orc corpse
There is an open door here.
You now have 323 gold pieces (gained 9).
Found an escape hatch in the floor.
As you open the door, it creaks loudly!
There is an open door here.
There is an open door here.
An orc comes into view. It is wielding a +0 whip.
An orc warrior comes into view. It is wielding a +0 broad axe.
Okay, then.
Okay, then.
Casting: Spider Form (dangerous; 24% risk of failure)
Confirm with . or Enter, or press ? or * to list all spells.
You turn into a venomous arachnid creature.
Your +6 spear {polearm} melds into your body.
MP[-3]
You lost 3 mp, and now have 9/12 mp.
An orc comes into view. It is wielding a +0 whip.
The orc shouts! x2; You hear an angry hiss.
A killer bee zombie comes into view.
A steam dragon comes into view.
Your transformation is almost over.
MP[+1]
There are no items here.
You bite the orc!
You kill the orc!
You see here a +0 whip {mace}.
You hit the orc.
The orc is poisoned.
The orc hits you with a +0 whip.
HP[-2]
You take 2 damage, and now have 59/61 hp.
You completely miss the orc. The orc closely misses you.
HP[+1]
You hit the orc. The orc hits you with a +0 whip.
A centaur comes into view.
The orc hits you with a +0 whip. The steam dragon bites you.
The steam dragon barely misses you.
HP[-6] MP[+1]
You take 6 damage, and now have 54/61 hp.
The centaur shouts!
You bite the steam dragon!
The steam dragon looks as sick as possible!
Your transformation has ended.
Your +6 spear {polearm} unmelds from your body.
The orc hits you with a +0 whip.
You puncture the steam dragon! The steam dragon closely misses you.
The steam dragon claws you. The centaur misses you. The centaur kicks you.
The orc closely misses you. The steam dragon breathes steam at you.
The ball of steam hits you!
You hear a shout! x2
Ashenzari invites you to partake of a vision and a curse of companions and beguiling.
HP[-20]
You take 20 damage, and now have 34/61 hp.
MASSIVE DAMAGE!! (PAUSE)
You kill the orc!
The centaur wields a +0 shortbow.
The centaur shoots an arrow.
The arrow hits you!
* * * LOW HITPOINT WARNING * * *
You see here a +0 whip {mace}.
HP[-10]
You take 10 damage, and now have 24/61 hp.
HP[+1]
The centaur unwields a +0 shortbow.
The centaur misses you. The centaur kicks you.
* * * LOW HITPOINT WARNING * * *
HP[-1]
You take 1 damage, and now have 24/61 hp.
A centaur comes into view. It is carrying a wand of iceblast (13).
The centaur shouts!
You kill the steam dragon!
The steam dragon scales are intact enough to wear.
The centaur zaps a wand.
The mass of ice explodes!
The iceblast engulfs you!!
* * * LOW HITPOINT WARNING * * *
The centaur wields a +0 shortbow.
The centaur shoots an arrow.
The arrow misses you.
The centaur wields a +0 shortbow.
The centaur shoots an arrow.
The arrow barely misses you.
HP[-20]
You take 20 damage, and now have 4/61 hp.
MASSIVE DAMAGE!! (PAUSE)
You feel better.
The centaur shoots an arrow.
The arrow barely misses you.
HP[+10]
You regained 10 hp, and now have 14/61 hp.
As you read the scroll of fog, it crumbles to dust.
The scroll dissolves into smoke.
The centaur shoots an arrow.
The arrow hits you!
* * * LOW HITPOINT WARNING * * *
The centaur shoots an arrow.
The arrow barely misses you.
The centaur shoots an arrow.
The arrow hits you!
You die...

Skill      XL: |  1  2  3  4  5  6  7  8  9 |
---------------+----------------------------+-----
Stealth        | 1 2 3 4 5 |  5.0
Fighting       | 2 3 4 5 |  5.5
Unarmed Combat | 4 5 6 7 8 |  8.7
Dodging        | 3 4 5 |  5.9
Ice Magic      | 1 3 4 |  4.4
Transmutations | 3 4 |  4.9
Spellcasting   | |  2.0

Action                   |  1- 3 |  4- 6 |  7- 9 || total
-------------------------+-------+-------+-------++-------
Melee: Unarmed           |    21 |    10 |   146 ||   177
       Kick              |    22 |    13 |     6 ||    41
       Constrict         |    21 |    21 |    17 ||    59
       Tentacles         |    14 |    14 |    25 ||    53
       Dagger            |    62 |    92 |     6 ||   160
       Punch             |     3 |     2 |     1 ||     6
       Spear             |       |       |    66 ||    66
 Cast: Beastly Appendage |    21 |    18 |     6 ||    45
       Spider Form       |       |     1 |    31 ||    32
  Use: Potion            |     1 |       |     1 ||     2
       Scroll            |       |       |    14 ||    14
 Stab: Sleeping          |     3 |     9 |     6 ||    18
       Distracted        |       |     1 |     1 ||     2
Armor: Skin              |    11 |     2 |    13 ||    26
Dodge: Dodged            |    51 |    47 |   194 ||   292

Levels and vault maps discovered:
D:1:      tarquinn_simple_flora_water_b, layout_rooms,
          hellmonk_ecumenical_altar_prayer_group, minmay_split_cup_large
D:2:      layout_rooms, serial_bayou_lagoon_a
D:3:      layout_loops_ring, serial_shops, nicolae_shop_trees,
          grunt_decor_mini_mirrors, chequers_serial_rivers_large_a, uniq_natasha
D:4:      cheibrodos_old_hovel, layout_basic, patterned_corridor, uniq_robin,
          uniq_crazy_yiuf_cottage
D:5:      layout_loops_ring, minmay_temple_entry_junction_2, kennysheep_nub,
          uniq_eustachio
D:6:      layout_basic, yredelemnul_forgotten_temple_becter, serial_shops,
          shop_fountains, nicolae_shop_overgrown_old_shop,
          chequers_serial_rivers_marsh, corner_web_ring
D:7:      layout_basic, serial_shops, shop, minivault_10
D:8:      layout_basic, lair_entry_dummy, serial_shops, shop_statue
Temple:   mainiacjoe_temple_starburst

Notes
Turn   | Place    | Note
-------+----------+-------------------------------------------
     0 | D:1      | zeratav the Octopode Transmuter began the quest for the
                  | Orb.
     0 | D:1      | Reached XP level 1. HP: 13/13 MP: 3/3
     0 | D:1      | magus.rc [v1.9.6]
   213 | D:1      | Reached XP level 2. HP: 18/18 MP: 3/5
   217 | D:1      | Reached skill level 1 in Stealth
   418 | D:1      | Reached XP level 3. HP: 12/23 MP: 6/6
   998 | D:1      | Found a faded altar of an unknown god.
  1306 | D:2      | Reached skill level 2 in Stealth
  1446 | D:2      | Reached XP level 4. HP: 29/29 MP: 5/7
  1830 | D:3      | Found Nenuq's Antique Weapon Shop.
  1977 | D:3      | Reached skill level 2 in Fighting
  1977 | D:3      | Reached skill level 4 in Unarmed Combat
  2420 | D:3      | Noticed Natasha
  2423 | D:3      | Killed Natasha
  2424 | D:3      | Reached XP level 5. HP: 34/34 MP: 8/8
  2679 | D:3      | Noticed Natasha
  2689 | D:3      | Killed Natasha
  2690 | D:3      | Reached skill level 3 in Dodging
  2690 | D:3      | Reached skill level 3 in Stealth
  2704 | D:3      | Learned a level 3 spell: Spider Form
  2760 | D:3      | Noticed Natasha
  2772 | D:3      | Killed Natasha
  3136 | D:3      | Reached XP level 6. HP: 35/41 MP: 7/9
  3652 | D:4      | Noticed Robin
  3678 | D:4      | Killed Robin
  3697 | D:4      | Reached skill level 5 in Unarmed Combat
  4039 | D:4      | Noticed an ice beast
  4069 | D:3      | Killed an ice beast
  4070 | D:3      | Reached skill level 3 in Fighting
  4070 | D:3      | Reached skill level 4 in Stealth
  4070 | D:3      | Reached XP level 7. HP: 32/46 MP: 7/10
  4349 | D:4      | You pick up a book of Cantrips and begin reading...
  4349 | D:4      | You add the spells Animate Skeleton, Summon Small Mammal
                  | and Apportation to your library.
  5170 | D:4      | Found a runed translucent door.
  5171 | D:4      | Noticed Crazy Yiuf
  5241 | D:5      | Entered Level 5 of the Dungeon
  5241 | D:5      | Found a staircase to the Ecumenical Temple.
  5681 | D:5      | Reached skill level 1 in Ice Magic
  5882 | Temple   | Entered the Ecumenical Temple
  6448 | Temple   | Became a worshipper of Ashenzari the Shackled
  6670 | D:5      | Reached skill level 4 in Dodging
  6670 | D:5      | Reached skill level 5 in Stealth
  6813 | D:5      | Reached skill level 6 in Unarmed Combat
  6816 | D:5      | Reached XP level 8. HP: 45/54 MP: 11/11
  6956 | D:5      | HP: 11/54 [wyvern skeleton (13)]
  6959 | D:5      | Reached skill level 3 in Transmutations
  7317 | D:5      | Reached skill level 2 in Ice Magic
  7470 | D:5      | Noticed Eustachio
  7490 | D:5      | Killed Eustachio
  7491 | D:5      | Reached skill level 4 in Fighting
  7600 | D:6      | Found Xegoix's Assorted Antiques.
  7694 | D:6      | Found Xuonosm's Jewellery Shoppe.
  7935 | D:6      | Reached skill level 7 in Unarmed Combat
  8045 | D:6      | Found a basalt altar of Yredelemnul.
  8105 | D:6      | Reached skill level 3 in Ice Magic
  8112 | D:6      | Reached skill level 5 in Dodging
  8112 | D:6      | Reached XP level 9. HP: 51/59 MP: 9/12
  8279 | D:6      | Found the +1 Delatra's gloves {ID++}
  8638 | D:6      | Reached skill level 4 in Transmutations
  8910 | D:7      | Found Ighett's Antique Armour Shoppe.
  8982 | D:6      | Reached skill level 5 in Fighting
  8982 | D:6      | Reached skill level 8 in Unarmed Combat
  9361 | D:7      | You pick up a book of Touch and begin reading...
  9361 | D:7      | You add the spells Static Discharge, Sticky Flame and
                  | Dispel Undead to your library.
  9371 | D:7      | You pick up a book of Maledictions and begin reading...
  9371 | D:7      | You add the spells Tukima's Dance, Anguish and Enfeeble to
                  | your library.
  9438 | D:7      | Reached skill level 4 in Ice Magic
  9921 | D:8      | HP: 4/61 [centaur/iceblast (21)]
  9923 | D:8      | Shot with an arrow by a centaur

Vanquished Creatures
  Eustachio (D:5)
  A steam dragon (D:8)
  A water moccasin (D:5)
  3 ice beasts
  A sky beast (D:7)
  A black bear (D:6)
  2 orc warriors
  2 necrophages (D:5)
  A centaur (D:6)
  2 phantoms
  3 scorpions
  A water moccasin zombie (D:7)
  2 wyvern zombies
  A wyvern skeleton (D:5)
  A water moccasin skeleton (D:4)
  3 killer bees (D:6)
  2 howler monkeys
  A bullfrog zombie (D:5)
  2 centaur zombies (D:7)
  3 hounds
  2 jellies
  An orc priest (D:6)
  A centaur skeleton (D:4)
  Natasha (thrice) (D:3)
  6 orc wizards
  A killer bee zombie (D:7)
  Robin (D:4)
  3 gnolls (D:4)
  5 adders
  2 white imps (D:5)
  2 worms
  2 dart slugs
  12 orcs
  11 endoplasms
  2 giant cockroaches
  13 goblins
  11 hobgoblins
  A jackal (D:1)
  10 kobolds
  6 quokkas
  6 ball pythons
  9 bats
  4 frilled lizards
  6 rats
  A spectral orc (D:6)
155 creatures vanquished.

Vanquished Creatures (others)
  30 plants
30 creatures vanquished.

Grand Total: 185 creatures vanquished

Table legend:
 A = Non-vault XP
 B = Vault XP
 C = Vault XP percentage of total XP
 D = Non-vault monster count
 E = Vault monster count
 F = Vault count percentage of total count
                 A         B        C        D         E       F
            +---------+---------+-------+---------+---------+-------
      Total |    4235 |     284 |   6.3 |     132 |      23 |  14.8
            +---------+---------+-------+---------+---------+-------
        D:1 |      45 |      11 |  19.6 |      27 |       6 |  18.2
        D:2 |      41 |       0 |   0.0 |      22 |       0 |   0.0
        D:3 |     344 |      35 |   9.2 |      17 |       1 |   5.6
        D:4 |     215 |      40 |  15.7 |      13 |      14 |  51.9
        D:5 |     799 |     197 |  19.8 |      14 |       1 |   6.7
        D:6 |     979 |       1 |   0.1 |      16 |       1 |   5.9
        D:7 |    1411 |       0 |   0.0 |      15 |       0 |   0.0
        D:8 |     401 |       0 |   0.0 |       8 |       0 |   0.0
            +---------+---------+-------+---------+---------+-------

Illustrated notes

Table legend:
 A = Kills in this place as a percentage of kills in entire the game.
 B = Kills by you in this place as a percentage of kills by you in the entire game.
 C = Kills by friends in this place as a percentage of kills by friends in the entire game.
 D = Other kills in this place as a percentage of other kills in the entire game.
 E = Experience gained in this place as a percentage of experience gained in the entire game.
 F = Experience gained in this place divided by the number of levels of this place that you have seen.
                   A       B       C       D       E      F
               +-------+-------+-------+-------+-------+----------------------
         Total | 100.0 | 100.0 |   N/A |   N/A | 100.0 | 502.1
       Dungeon | 100.0 | 100.0 |   N/A |   N/A | 100.0 | 564.9
               +-------+-------+-------+-------+-------+----------------------

Table legend: (Time is in decaauts)
 A = Elapsed time spent in this place.
 B = Non-inter-level travel time spent in this place.
 C = Inter-level travel time spent in this place.
 D = Time resting spent in this place.
 E = Time spent auto-exploring this place.
 F = Levels seen in this place.
 G = Mean time per level.
                   A        B        C        D        E       F      G
               +--------+--------+--------+--------+--------+-----+--------+
         Total |   9913 |   9061 |    852 |   2607 |   3720 |   9 | 1101.4 |
       Dungeon |   9291 |   8546 |    745 |   2607 |   3213 |   8 | 1161.4 |
        Temple |    621 |    514 |    107 |      0 |    507 |   1 |  621.0 |
               +--------+--------+--------+--------+--------+-----+--------+

Top non-repeatable levels by time:
     D:4: 2223 daAuts
     D:5: 1316 daAuts
     D:3: 1310 daAuts
     D:2: 1140 daAuts
     D:6: 1120 daAuts
     D:1: 1067 daAuts
     D:7: 902 daAuts
  Temple: 621 daAuts
     D:8: 210 daAuts
